 Dungeon Crawl Stone Soup version 0.20-a0-303-g575bbf7 (webtiles) character file.

19728 Junicave the Geomancer (level 12, 0/81 HPs)
             Began as a Gargoyle Earth Elementalist on Dec 17, 2016.
             Was an Elder of Vehumet.
             Slain by a freezing wraith (7 damage)
             ... in an ice cave.
             The game lasted 01:40:27 (20076 turns).

Junicave the Geomancer (GrEE)                      Turns: 20076, Time: 01:40:28

Health: 0/81       AC: 24    Str: 14    XL:     12   Next: 72%
Magic:  18/22      EV: 13    Int: 25    God:    Vehumet [****..]
Gold:   826        SH: 11    Dex: 10    Spells: 4/25 levels left

rFire  + . .     SeeInvis .     b - +3 whip (venom)
rCold  + + .     Gourm    .     M - +2 robe {rC+}
rNeg   + . .     Faith    +     i - +1 shield
rPois  ∞         Spirit   .     E - +1 helmet "Nudoromp" {-Tele Regen+ Str+2}
rElec  +         Reflect  .     c - +2 cloak
rCorr  .         Harm     .     (no gloves)
MR     +....     NoTele   +     (no boots)
Stlth  ++........               X - amulet of faith
                                H - +3 ring of protection
                                G - ring of protection from cold

@: flying, slowed, very slow
A: big wings, iridescent scales 1, rugged brown scales 1, clever 2, fire
resistance 1, magic resistance 1, negative energy resistance 1, regeneration 1,
robust 1, electricity resistance, unbreathing, petrification resistance, rot
immunity, subdued magic 1, AC +8
a: Stop Flying, Renounce Religion


You were in an ice cave.
You worshipped Vehumet.
Vehumet was greatly pleased with you.
You were hungry.

You visited 3 branches of the dungeon, and saw 14 of its levels.
You also visited: Ice Cave.

You collected 826 gold pieces.

Inventory:

Hand Weapons
 b - a +3 whip of venom (weapon)
 O - a cursed -1 falchion
Missiles
 C - 513 stones (quivered)
Armour
 c - a +2 cloak (worn)
 i - a +1 shield (worn)
 E - the +1 helmet "Nudoromp" (worn) {-Tele Regen+ Str+2}
   (You took it off Robin in the Ecumenical Temple)

   It affects your strength (+2).
   It prevents most forms of teleportation.
   It increases your rate of regeneration.
 M - a +2 robe of cold resistance (worn)
 P - a +0 leather armour
Magical Staves
 a - an uncursed staff of wizardry
 r - an uncursed staff of air
 s - a cursed staff of fire
Jewellery
 y - a +2 ring of slaying
 G - a ring of protection from cold (left hand)
 H - a +3 ring of protection (right hand)
 X - an amulet of faith (around neck)
Wands
 j - a wand of polymorph (17/24)
 F - a wand of acid (5/15)
 I - a wand of disintegration (6/24)
 K - a wand of teleportation (4/9)
 N - a wand of lightning (6/15)
 R - a wand of confusion (33/48)
 T - a wand of confusion (34/48)
 U - a wand of confusion (22/48)
 W - a wand of acid (9/15)
Scrolls
 g - 9 scrolls of remove curse
 k - 2 scrolls of teleportation
 n - 3 scrolls of enchant weapon
 o - 2 scrolls of blinking
 v - 3 scrolls of amnesia
 x - 3 scrolls of fog
 Q - a scroll of magic mapping
Potions
 h - 9 potions of curing
 l - 3 potions of flight
 m - 4 potions of brilliance
 p - 8 potions of agility
 t - a potion of ambrosia {unknown}
 u - 6 potions of lignification
 w - a potion of berserk rage {unknown}
 A - 2 potions of heal wounds {unknown}
 B - a potion of haste {unknown}
 J - 3 potions of magic {unknown}
 L - 2 potions of resistance {unknown}
 S - a potion of might {unknown}
Books
 e - a book of Geomancy

   Spells                             Type                      Level
   a - Sandblast                      Earth                        1
   b - Passwall                       Transmutation/Earth          2
   c - Stone Arrow                    Conjuration/Earth            3
   d - Petrify                        Transmutation/Earth          4
   e - Lee's Rapid Deconstruction     Earth                        5
 f - a book of Fire

   Spells                             Type                      Level
   a - Ignite Poison                  Fire/Transmutation/Poison    3
   b - Fireball                       Conjuration/Fire             5
   c - Bolt of Fire                   Conjuration/Fire             6
   d - Delayed Fireball               Conjuration/Fire             7
   e - Ring of Flames                 Charms/Fire                  7
 V - a book of Misfortune

   Spells                             Type                      Level
   a - Confusing Touch                Hexes                        1
   b - Confuse                        Hexes                        3
   c - Gell's Gravitas                Hexes/Translocation          3
   d - Petrify                        Transmutation/Earth          4
   e - Metabolic Englaciation         Hexes/Ice                    5
   f - Yara's Violent Unravelling     Hexes/Transmutation          5
Comestibles
 d - 5 bread rations
 q - 10 meat rations
 D - a beef jerky


   Skills:
 + Level 7.4 Fighting
 + Level 6.8 Maces & Flails
 - Level 6.4 Armour
 + Level 6.2 Dodging
 - Level 2.1 Stealth
 + Level 7.2 Shields
 * Level 7.1 Spellcasting
 + Level 7.7 Conjurations
 - Level 0.7 Transmutations
 + Level 1.3 Fire Magic
 + Level 9.5 Earth Magic
 + Level 5.1 Poison Magic
 + Level 3.8 Evocations


You had 4 spell levels left.
You knew the following spells:

 Your Spells              Type           Power        Failure   Level  Hunger
a - Sandblast             Erth           #####.       1%          1    None
b - Stone Arrow           Conj/Erth      #####.       1%          3    None
c - Lee's Rapid Deconstr  Erth           #####.....   2%          5    #####..
d - Shock                 Conj/Air       ###.         1%          1    None
e - Ignite Poison         Fire/Tmut/Pois ###.....     4%          3    None
f - Olgreb's Toxic Radia  Pois           ####....     5%          4    ###....
g - Throw Icicle          Conj/Ice       ###.....     10%         4    ###....


Dungeon Overview and Level Annotations

Branches:
Dungeon (9/15)             Temple (1/1) D:4            Lair (4/6) D:9
 Shoals (0/4) Lair:2       Spider (0/4) Lair:4
    Orc: D:9-12

Altars:
Ashenzari
Cheibriados
Dithmenos
Elyvilon
Fedhas
Gozag
Hepliaklqana
Kikubaaqudgha
Makhleb
Nemelex Xobeh
Okawaru
Qazlal
Ru
Sif Muna
Trog
Uskayaw
Vehumet
Xom
Yredelemnul
Zin
The Shining One

Annotations:
D:3 yrara's ghost, amateur GrGl
Lair:2 loom's ghost, journeyman GrBe


Innate Abilities, Weirdness & Mutations

You are resistant to torment.
Your stone body is resilient. (AC +8)
You are immune to poison.
You resist negative energy. (rN+)
You are resistant to electric shocks. (rElec)
You can survive without breathing.
You are immune to petrification.
You are immune to rotting.
Your large and strong wings let you fly indefinitely.
You are partially covered in iridescent scales. (AC +2)
You are partially covered in rugged brown scales. (AC +1, +3% HP)
Your mind is very acute. (Int +4)
Your flesh is heat resistant. (rF+)
You are resistant to hostile enchantments. (MR+)
Your natural rate of healing is unusually fast.
You are robust. (+10% HP)
Your spells are a little easier to cast, but a little less powerful.


Message History

You block the freezing wraith's attack.
The freezing wraith hits you but does no damage. x2
Evoke which item? (* to show all) (? for menu, Esc to quit)
Zapping:
I - a wand of disintegration (?/24) {zapped: 3} (will waste charges)
Press: ? - help, Shift-Dir - straight line, f/p - freezing wraith
Aim: a freezing wraith (heavily damaged, chance to defeat MR: 61%)
The freezing wraith resists with significant effort.
Evoking this partially-identified wand wasted a few charges.
The freezing wraith hits you.
* * * LOW HITPOINT WARNING * * *
The freezing wraith freezes you. You resist.
* * * LOW HITPOINT WARNING * * *
The freezing wraith hits you but does no damage.
The freezing wraith hits you.
* * * LOW HITPOINT WARNING * * *
The freezing wraith freezes you. You resist.
* * * LOW HITPOINT WARNING * * *
You block the freezing wraith's attack. x3
The freezing wraith barely misses you. The freezing wraith hits you!
You die...

...# #..# ...## ##..##
#...## ##....## ####
#......# #### ##..##
#.....####..#####....##
.......##....##W@.....#
..........#....WW.∩.∩.#
.........###..........#
#......### ##..##....##
#.....## ######..##
#......# #### ##....##
##..## ####


You could see 3 freezing wraiths.

Vanquished Creatures
  2 hydras
  3 two-headed ogres
  3 death yaks
  A manticore (D:9)
  4 elephants
  2 black mambas
  Psyche (D:8)
  5 spiny frogs
  4 komodo dragons
  2 ice devils (Lair:4)
  A wolf spider simulacrum (IceCv)
  A polar bear (Lair:3)
  5 blink frogs (Lair:1)
  A hippogriff (Lair:3)
  Sigmund (D:5)
  Eustachio (D:5)
  3 yaks (Lair:2)
  A basilisk (Lair:2)
  2 porcupines
  6 water moccasins
  2 orc warriors
  Duvessa (D:4)
  4 sky beasts
  6 ice beasts
  4 phantoms
  4 centaurs
  6 ogres
  6 crocodiles
  8 bullfrogs
  4 big kobolds
  A gnoll sergeant (D:9)
  Dowan (D:4)
  5 scorpions
  4 killer bees
  4 howler monkeys
  A crimson imp (D:7)
  2 jellies
  5 bullfrog skeletons
  3 hounds
  2 quasits
  2 orc priests
  4 bullfrog zombies
  A centaur skeleton (D:6)
  3 iguanas
  5 orc wizards
  9 worker ants
  A hell rat (D:9)
  3 wolf simulacra (IceCv)
  A hound zombie (D:7)
  Robin (Temple)
  4 gnolls (D:9)
  A howler monkey zombie (D:7)
  13 adders
  5 shadow imps
  5 white imps (IceCv)
  3 oozes
  An adder skeleton (D:4)
  4 worms
  2 dart slugs
  7 leopard geckos
  21 orcs
  7 giant cockroaches
  14 goblins
  9 hobgoblins
  15 jackals
  31 kobolds
  4 quokkas
  4 ball pythons
  10 bats
  3 frilled lizards (D:1)
  A leopard gecko zombie (D:5)
  A quokka skeleton (D:5)
  9 rats
326 creatures vanquished.

Vanquished Creatures (others)
  A ghoul (D:1)
  A minotaur (D:1)
  A draconian (D:1)
  A formicid (D:1)
  3 vampires (D:1)
  A human (D:1)
  A naga (D:1)
  2 centaurs (D:1)
  2 mummies (D:1)
  An orc (D:1)
  A kobold (D:1)
  A plant (Lair:1)
  6 tentacles (D:1)
22 creatures vanquished.

Grand Total: 348 creatures vanquished

Notes
Turn   | Place    | Note
-------+----------+-------------------------------------------
     0 | D:1      | Junicave the Gargoyle Earth Elementalist began the quest for the Orb.
     0 | D:1      | Reached XP level 1. HP: 10/10 MP: 3/3
     2 | D:1      | Noticed a naga
     2 | D:1      | Noticed a vampire
     2 | D:1      | Noticed a centaur
     2 | D:1      | Noticed a minotaur
     2 | D:1      | Noticed a human
     2 | D:1      | Noticed a kraken
     2 | D:1      | Noticed a formicid
     2 | D:1      | Noticed a draconian
     2 | D:1      | Noticed a ghoul
     2 | D:1      | Noticed a centaur
     2 | D:1      | Noticed a vampire
     2 | D:1      | Noticed a vampire
     8 | D:1      | Killed a human
     8 | D:1      | Killed a ghoul
    10 | D:1      | Killed a draconian
    10 | D:1      | Killed a centaur
    11 | D:1      | Killed a centaur
    11 | D:1      | Killed a vampire
    12 | D:1      | Killed a naga
    13 | D:1      | Killed a vampire
    16 | D:1      | Killed a vampire
    17 | D:1      | Killed a formicid
    19 | D:1      | Killed a minotaur
   308 | D:1      | Reached XP level 2. HP: 15/15 MP: 3/5
   442 | D:1      | Reached skill level 4 in Earth Magic
   734 | D:1      | Reached XP level 3. HP: 17/19 MP: 1/6
   742 | D:1      | Learned a level 3 spell: Stone Arrow
  1652 | D:2      | Reached XP level 4. HP: 18/24 MP: 5/7
  1847 | D:2      | Found an ancient bone altar of Kikubaaqudgha.
  2059 | D:2      | Found a sacrificial altar of Ru.
  2224 | D:2      | Reached skill level 1 in Conjurations
  3011 | D:2      | Found an ancient bone altar of Kikubaaqudgha.
  3088 | D:2      | Found a sacrificial altar of Ru.
  3487 | D:2      | Reached XP level 5. HP: 28/28 MP: 9/9
  3771 | D:3      | Noticed yrara's ghost (amateur GrGl)
  4107 | D:3      | Found a hazy altar of Hepliaklqana.
  4163 | D:3      | Reached skill level 1 in Fighting
  4163 | D:3      | Reached skill level 1 in Maces & Flails
  4163 | D:3      | Reached skill level 1 in Armour
  4520 | D:3      | Learned a level 5 spell: Lee's Rapid Deconstruction
  4565 | D:4      | Found an opulent altar of Gozag.
  4565 | D:4      | Found a sacrificial altar of Ru.
  4570 | D:4      | Found a stormy altar of Qazlal.
  4570 | D:4      | Found a glowing golden altar of the Shining One.
  4641 | D:4      | Found a staircase to the Ecumenical Temple.
  4649 | Temple   | Entered the Ecumenical Temple
  4864 | Temple   | Became a worshipper of Vehumet
  4918 | D:4      | Noticed Robin
  5025 | Temple   | Killed Robin
  5027 | Temple   | Got a distressingly furry helmet
  5040 | Temple   | Identified the +1 helmet "Nudoromp" {-Tele Regen+ Str+2} (You took it off Robin in the Ecumenical Temple)
  5215 | D:4      | Reached XP level 6. HP: 34/34 MP: 10/10
  5223 | D:4      | Noticed Duvessa
  5371 | D:4      | Noticed a phantom
  5416 | D:4      | Killed Duvessa
  5416 | D:4      | Reached skill level 5 in Earth Magic
  5779 | D:4      | Reached XP level 7. HP: 38/39 MP: 10/12
  5981 | D:4      | Reached * piety under Vehumet
  5981 | D:4      | Offered knowledge of Freeze by Vehumet.
  6095 | D:4      | Reached skill level 1 in Shields
  6179 | D:4      | Found a staircase to the Ecumenical Temple.
  6209 | D:4      | Found an opulent altar of Gozag.
  6209 | D:4      | Found a sacrificial altar of Ru.
  6334 | D:4      | Found a glowing golden altar of the Shining One.
  6450 | D:4      | Found a stormy altar of Qazlal.
  6677 | D:4      | Noticed Dowan
  6679 | D:4      | Killed Dowan
  7199 | D:5      | Entered Level 5 of the Dungeon
  7303 | D:5      | Noticed Sigmund
  7312 | D:5      | Killed Sigmund
  7312 | D:5      | Reached skill level 6 in Earth Magic
  7312 | D:5      | Reached XP level 8. HP: 45/45 MP: 0/13
  7716 | D:5      | Gained mutation: You are resistant to hostile enchantments. (MR+) [mutagenic meat]
  7717 | D:5      | Gained mutation: Your mind is acute. (Int +2) [mutagenic meat]
  7718 | D:5      | Gained mutation: You are partially covered in rugged brown scales. (AC +1, +3% HP) [mutagenic meat]
  7719 | D:5      | Gained mutation: Your spells are a little easier to cast, but a little less powerful. [mutagenic meat]
  7720 | D:5      | Gained mutation: Your natural rate of healing is unusually fast. [mutagenic meat]
  8074 | D:5      | Noticed Eustachio
  8109 | D:5      | Killed Eustachio
  9173 | D:6      | Offered knowledge of Shock by Vehumet.
  9177 | D:6      | Gained mutation: Your mind is very acute. (Int +4) [mutagenic meat]
  9179 | D:6      | Gained mutation: You are robust. (+10% HP) [mutagenic meat]
  9180 | D:6      | Gained mutation: Your large and strong wings let you fly indefinitely. [mutagenic meat]
  9181 | D:6      | Gained mutation: Your flesh is heat resistant. (rF+) [mutagenic meat]
  9182 | D:6      | Gained mutation: You are partially covered in iridescent scales. (AC +2) [mutagenic meat]
  9287 | D:6      | Reached XP level 9. HP: 57/57 MP: 15/15
  9319 | D:6      | Reached ** piety under Vehumet
  9328 | D:6      | Learned a level 1 spell: Shock
 10327 | D:7      | Reached skill level 7 in Earth Magic
 10436 | D:7      | Offered knowledge of Ignite Poison by Vehumet.
 10441 | D:7      | Learned a level 3 spell: Ignite Poison
 10469 | D:7      | Noticed a five-headed hydra
 10496 | D:7      | Killed a five-headed hydra
 10496 | D:7      | Reached skill level 5 in Spellcasting
 10496 | D:7      | Reached skill level 1 in Poison Magic
 10772 | D:7      | Reached skill level 5 in Armour
 10772 | D:7      | Reached skill level 5 in Conjurations
 10996 | D:7      | Reached XP level 10. HP: 65/65 MP: 11/17
 11761 | D:8      | Noticed a two-headed ogre
 11830 | D:8      | Noticed a two-headed ogre
 11831 | D:8      | Killed a two-headed ogre
 11844 | D:7      | Reached *** piety under Vehumet
 11933 | D:8      | Killed a two-headed ogre
 11933 | D:8      | Reached skill level 5 in Fighting
 11933 | D:8      | Reached skill level 5 in Shields
 12245 | D:8      | Reached skill level 5 in Maces & Flails
 12339 | D:8      | Noticed Psyche
 12347 | D:8      | Killed Psyche
 12630 | D:8      | HP: 1/66 [orc warrior/glaive (17)]
 12825 | D:8      | Offered knowledge of Olgreb's Toxic Radiance by Vehumet.
 12841 | D:8      | Learned a level 4 spell: Olgreb's Toxic Radiance
 12907 | D:8      | Reached skill level 8 in Earth Magic
 13302 | D:9      | Noticed a death yak
 13399 | D:9      | Noticed a death yak
 13403 | D:9      | Noticed a death yak
 13486 | D:9      | Noticed a manticore
 13498 | D:9      | Killed a manticore
 13498 | D:9      | Reached skill level 5 in Dodging
 13498 | D:9      | Reached XP level 11. HP: 33/72 MP: 0/19
 13762 | D:8      | Killed a death yak
 13818 | D:9      | Killed a death yak
 14019 | D:9      | Killed a death yak
 14504 | D:9      | Reached **** piety under Vehumet
 14517 | D:9      | Found a staircase to the Lair.
 14814 | D:9      | Offered knowledge of Throw Icicle by Vehumet.
 14820 | D:9      | Learned a level 4 spell: Throw Icicle
 15159 | D:9      | Found a staircase to the Lair.
 15411 | Lair:1   | Entered Level 1 of the Lair of Beasts
 15835 | Lair:1   | Reached skill level 1 in Evocations
 16070 | Lair:1   | Noticed a two-headed ogre
 16075 | Lair:1   | Killed a two-headed ogre
 16613 | Lair:1   | Noticed a six-headed hydra
 16620 | Lair:1   | Killed a six-headed hydra
 16620 | Lair:1   | Reached skill level 9 in Earth Magic
 16620 | Lair:1   | Reached XP level 12. HP: 80/80 MP: 10/21
 16888 | Lair:2   | Noticed loom's ghost (journeyman GrBe)
 17108 | Lair:2   | Noticed loom's ghost (journeyman GrBe)
 17831 | Lair:2   | Found a staircase to the Shoals.
 18586 | Lair:3   | Reached skill level 5 in Poison Magic
 19642 | Lair:4   | Found a frozen archway.
 19675 | IceCv    | Entered an ice cave
 19685 | IceCv    | Reached skill level 1 in Fire Magic
 20076 | IceCv    | Slain by a freezing wraith

Vault maps used:
D:1:      nicolae_arrival_kraken_aquarium_b, minmay_split_cup_small
D:2:      kiku_gazebo_garden_becter, hangedman_ru_absence
D:3:      lemuel_doored_altar, grunt_ministairs_8
D:4:      grunt_temple_overflow_open, first_bread, uniq_duvessa, uniq_robin
D:5:      uniq_sigmund, uniq_eustachio
D:7:      minmay_small_thing
D:8:      uniq_psyche
D:9:      dpeg_lair_monsters
Temple:   regret_index_temple_generic_petals
Lair:2:   shoals_dummy_entry, serial_bayou_pond_c
Lair:3:   st_stairs_3, minivault_24
Lair:4:   spider_nest_entry_web_field, portal_ice_cave_demonic_guard,
          lemuel_fruit_tree
IceCv:    ice_cave_small_necro

Skill      XL: |  1  2  3  4  5  6  7  8  9 10 11 12 |
---------------+-------------------------------------+-----
Dodging        | 2 3 4 5 6 |  6.2
Earth Magic    | 4 5 6 7 8 9 |  9.5
Conjurations   | 1 2 3 5 6 7 |  7.7
Fighting       | 1 2 3 4 5 6 7 |  7.4
Maces & Flails | 1 2 3 4 5 6 |  6.8
Armour         | 1 2 3 5 6 |  6.4
Spellcasting   | 3 4 5 6 7 |  7.1
Shields        | 2 3 4 5 6 7 |  7.2
Poison Magic   | 1 3 4 5 |  5.1
Evocations     | 2 3 |  3.8
Fire Magic     | 1 |  1.3
Stealth        | |  2.1
Transmutations | |  0.7

Action                   |  1- 3 |  4- 6 |  7- 9 | 10-12 || total
-------------------------+-------+-------+-------+-------++-------
Melee: Whip              |    55 |       |       |   199 ||   254
       Mace              |    56 |   103 |       |       ||   159
       Flail             |       |   107 |   266 |   218 ||   591
       Staff             |       |       |    21 |    26 ||    47
 Cast: Sandblast         |    22 |    48 |     5 |     1 ||    76
       Stone Arrow       |       |     8 |    69 |   162 ||   239
       Shock             |       |       |    64 |   212 ||   276
       Ignite Poison     |       |       |       |    19 ||    19
       Olgreb's Toxic Ra |       |       |       |     9 ||     9
       Lee's Rapid Decon |       |       |       |     9 ||     9
 Abil: Fly               |       |       |     1 |       ||     1
Evoke: Wand              |       |       |     1 |     4 ||     5
  Use: Scroll            |       |       |     2 |    17 ||    19
 Stab: Sleeping          |     1 |     3 |     3 |       ||     7
  Eat: Chunk             |     3 |    14 |    25 |    25 ||    67
       Meat ration       |       |       |     1 |     1 ||     2
       Beef jerky        |       |       |     1 |     1 ||     2
       Pizza             |       |       |       |     1 ||     1
Armor: Robe              |    42 |       |       |   255 ||   297
       Leather armour    |    10 |   122 |   200 |    66 ||   398
Dodge: Dodged            |    82 |   198 |   199 |   407 ||   886
Block: Shield            |       |       |       |   154 ||   154
